 Dungeon Crawl Stone Soup version 0.31.0-12-g77e489cdc1 (webtiles) character file.

Game seed: 2562580898625698187

408 Gadfly the Sneak (level 6, -4/30 HPs)
             Began as a Spriggan Enchanter on Feb 17, 2024.
             Splashed by a jelly's acid (10 damage)
             ... on level 5 of the Dungeon.
             The game lasted 00:06:30 (4800 turns).

Gadfly the Sneak (Spriggan Enchanter)               Turns: 4800, Time: 00:06:31

Health: -4/30      AC: -4    Str: 10    XL:     6   Next: 57%
Magic:  12/12      EV: 18    Int: 17    God:
Gold:   11         SH:  5    Dex: 17    Spells: 7/12 levels left

rFire   . . .        b - +1 dagger (chaos)
rCold   . . .        (no shield)
rNeg    . . .        t - +1 robe
rPois   .            (helmet restricted)
rElec   .            n - +0 cloak
rCorr   .            (gloves unavailable)
SInv    +            (boots unavailable)
Will    +....        q - amulet of reflection
Stlth   +++          e - ring of wizardry
HPRegen 0.25/turn    u - +6 ring of strength
MPRegen 0.13/turn

%: reflection, wizardry (x1)
@: corroded, very quick
A: very small, no large weapons, unfitting armour, see invisible, speed 3
a: no special abilities


You were on level 5 of the Dungeon.
You visited 1 branch of the dungeon, and saw 5 of its levels.

You collected 113 gold pieces.
You spent 102 gold pieces at shops.

Inventory:

Hand Weapons
 a - a +1 dagger
 b - a +1 dagger of chaos (weapon)
 o - a +3 quarterstaff of chaos
Missiles
 p - a throwing net
Armour
 n - a +0 cloak (worn)
 t - a +1 robe (worn)
Jewellery
 e - a ring of wizardry (left hand)
 q - an amulet of reflection (around neck)
 u - a +6 ring of strength (right hand)
Wands
 d - a wand of flame (18)
Scrolls
 h - a scroll of teleportation
 i - a scroll of identify
 l - 2 scrolls of fog
 s - a scroll of fear
Potions
 c - 2 potions of invisibility
 f - 2 potions of curing
 g - a potion of ambrosia
 j - a potion of heal wounds
 k - a potion of brilliance
 m - a potion of attraction
 r - a potion of enlightenment


   Skills:
 + Level 2.0 Fighting
 + Level 3.0 Short Blades
 + Level 4.1 Dodging
 + Level 5.9 Stealth
 + Level 3.9 Spellcasting
 + Level 4.7 Hexes
 + Level 3.0 Evocations


You had 7 spell levels left.
You knew the following spells:

 Your Spells              Type           Power      Damage    Failure   Level
a - Ensorcelled Hibernat  Hex/Ice        22%        N/A       3%          2
b - Confusing Touch       Hex            19%        N/A       2%          3

Your spell library contained the following spells:

 Spells                   Type           Power      Damage    Failure   Level
 Tukima's Dance           Hex            19%        N/A       2%          3
 Magic Dart               Conj           12%        1d3       6%          1
 Necrotise                Necr           12%        1d4       6%          1
 Dazzling Flash           Conj/Hex       22%        N/A       8%          3
 Inner Flame              Hex/Fire       11%        N/A       8%          3
 Searing Ray              Conj           6%         2d4       10%         2
 Vampiric Draining        Necr           3%         2d6       19%         3
 Fulminant Prism          Conj/Alch      1%         3d5       52%         4
 Martyr's Knell           Necr/Summ      3%         N/A       52%         4
 Curse of Agony           Necr           3%         N/A       85%         5
 Irradiate                Conj/Alch      1%         3d12      85%         5
 Ignition                 Fire           1%         3d3       100%        8


Dungeon Overview and Level Annotations

Branches:
Dungeon (5/15)
 Temple: D:4-7

Altars:
Cheibriados
Makhleb
Xom

Shops:
D:2 ?!=

Portals:
Abyss: D:4

Annotations:
D:4 2 transporters, LoggersVIII's ghost, amateur OpEE


Innate Abilities, Weirdness & Mutations

You are very small and have problems with some larger weapons.
You are too small for most types of armour.
You have supernaturally acute eyesight. (SInv)
You cover ground extremely quickly. (Speed+++)


Message History

The sleepcap is moderately damaged. x2
The sleepcap tears the web.
You hit the sleepcap. You burn the sleepcap.
The sleepcap is heavily damaged.
The sleepcap completely misses you.
You hit the sleepcap. You freeze the sleepcap.
The sleepcap is heavily damaged.
The sleepcap misses you.
You hit the sleepcap. You burn the sleepcap.
The sleepcap is severely damaged.
The sleepcap misses you.
You hit the sleepcap but do no damage.
The your dagger of chaos hits the sleepcap.
The sleepcap is caught in a web!
The sleepcap is severely damaged. x2
The sleepcap struggles to get unstuck from the web.
You hit the sleepcap. You drain the sleepcap.
The sleepcap is almost destroyed.
A jelly comes into view.
The sleepcap tears the web.
The jelly quivers.
You hit the sleepcap. You burn the sleepcap.
The sleepcap is almost destroyed.
You hit the sleepcap. You burn the sleepcap.
You destroy the sleepcap!
Your Fighting skill increases to level 2!
Your Evocations skill increases to level 3!
Found a chain mail.
You see here a jackal corpse.
You hit the jelly.
The jelly is duplicated!
Your hands burn!
The jelly is moderately wounded.
The jelly closely misses you. You block the jelly's attack.
You hit the jelly. You burn the jelly. The acid corrodes you!
Your hands burn!
The jelly is heavily wounded.
The jelly hits you.
You are splashed with acid!
* * * LOW HITPOINT WARNING * * *
The jelly hits you.
* * * LOW HITPOINT WARNING * * *
The acid corrodes you!
You are splashed with acid!
You die...

#..###.....###......
#..........#........
##..... #<..#<.#
##.....## ##.).## #.
........###....#!...
#......†#........#
#.....†.........#
#.##..†#...........
#J@..#.......$...
#...J...#..........
#.........#..##......
...##.........#
...... ..
#.#......... ..... .
#..........#. ..
..#####.[..# #.#
#....


You could see 2 jellies.

Vanquished Creatures
  An ogre (D:5)
  A crimson imp (D:4)
  2 bombardier beetles (D:3)
  Crazy Yiuf (D:2)
  An iguana (D:3)
  Jessica (D:2)
  A sleepcap (D:5)
  3 adders
  2 orcs (D:3)
  10 endoplasms
  2 giant cockroaches
  8 goblins
  10 hobgoblins
  8 jackals
  6 kobolds
  4 quokkas
  7 ball pythons
  3 bats (D:3)
  5 frilled lizards
  6 rats
82 creatures vanquished.

Notes
Turn   | Place    | Note
-------+----------+-------------------------------------------
     0 | D:1      | Gadfly the Spriggan Enchanter began the quest for the Orb.
     0 | D:1      | Reached XP level 1. HP: 9/9 MP: 5/5
   159 | D:1      | Reached XP level 2. HP: 7/13 MP: 6/6
   162 | D:1      | Learned a level 2 spell: Ensorcelled Hibernation
   827 | D:2      | Found Likkegho's Distillery.
   864 | D:2      | Bought a potion of degeneration for 10 gold pieces
   876 | D:2      | Noticed Jessica
   881 | D:2      | Killed Jessica
   882 | D:2      | Reached skill level 1 in Fighting
   882 | D:2      | Reached skill level 1 in Evocations
   882 | D:2      | Reached XP level 3. HP: 18/18 MP: 6/8
   929 | D:2      | Found Pibruomu's Jewellery Shoppe.
  1229 | D:2      | Found Ykheniv's Magic Scroll Emporium.
  1490 | D:2      | Found a runed translucent door.
  1491 | D:2      | Noticed Crazy Yiuf
  1696 | D:2      | Killed Crazy Yiuf
  1697 | D:2      | Reached skill level 5 in Stealth
  1697 | D:2      | Reached XP level 4. HP: 22/22 MP: 4/9
  2062 | D:3      | Learned a level 3 spell: Confusing Touch
  2204 | D:3      | Reached XP level 5. HP: 7/25 MP: 6/11
  3615 | D:2      | Bought a scroll of teleportation for 42 gold pieces
  3845 | D:4      | Found a burning altar of Makhleb.
  3845 | D:4      | Found a shimmering altar of Xom.
  3871 | D:4      | Reached XP level 6. HP: 23/30 MP: 4/12
  3955 | D:4      | Found a transporter.
  3959 | D:4      | Noticed a small abomination
  3993 | D:4      | Found a one-way gate to the infinite horrors of the Abyss.
  3993 | D:4      | Noticed LoggersVIII's ghost (amateur OpEE)
  4044 | D:4      | Found a transporter.
  4134 | D:4      | Found a snail-covered altar of Cheibriados.
  4597 | D:2      | Bought a potion of enlightenment for 50 gold pieces
  4702 | D:5      | Entered Level 5 of the Dungeon
  4800 | D:5      | Splashed by a jelly's acid

Illustrated notes

Levels and vault maps discovered:
D:1:      heliophobic_arrival_dark_side_of_the_moon, layout_loops_ring,
          nicolae_titane
D:2:      layout_rooms, serial_shops, nicolae_shop_rolled_up, shop,
          nicolae_shop_advertising_works [nicolae_subvault_shop_adworks],
          uniq_crazy_yiuf_cottage, uniq_jessica
D:3:      minmay_chambers_of_threes, layout_basic, minivault_5
D:4:      layout_loops_cross, grunt_temple_overflow_champion_of_chaos,
          mainiacjoe_overflow_alcove_4, gammafunk_ghost_abyssal_escape
D:5:      layout_cave_pools, old_standard_altar, grunt_temple_overflow_open,
          ebering_ghost_sewer_d

Skill      XL: |  1  2  3  4  5  6 |
---------------+-------------------+-----
Fighting       | 1 2 |  2.0
Dodging        | 3 4 |  4.1
Spellcasting   | 3 |  3.9
Evocations     | 1 2 3 |  3.0
Hexes          | 4 |  4.7
Short Blades   | 2 3 |  3.0
Stealth        | 5 |  5.9

Action                     |  1- 3 |  4- 6 || total
---------------------------+-------+-------++-------
  Melee: Dagger            |    68 |   168 ||   236
         Punch             |       |     1 ||     1
   Cast: Ensorcelled Hiber |    15 |    26 ||    41
         Confusing Touch   |       |     1 ||     1
    Use: Scroll            |     5 |     4 ||     9
         Potion            |     1 |       ||     1
   Stab: Sleeping          |    20 |    30 ||    50
         Confused          |       |     1 ||     1
 Armour: Robe              |     5 |    43 ||    48
  Dodge: Dodged            |    45 |   127 ||   172
  Block: Other             |       |     8 ||     8
